NCAA
CALIFORNIA GOLDEN BEARS @ IOWA HAWKEYES
04/18/2030
 
TOP OF THE 1ST
California Golden Bears batting - Pitching for Iowa Hawkeyes : LHP Kevin Sánchez
Pitching: LHP Kevin Sánchez
Batting: SHB John Allen 0-0: Ball
1-0: Swinging Strike
1-1: Ball
2-1: Swinging Strike
2-2: Ball
3-2: Foul Ball, location: 2F
3-2: Foul Ball, location: 2F
3-2: Foul Ball, location: 2F
3-2: Base on Balls
Batting: RHB Cisco Villa 0-0: Ball
1-0: Called Strike
1-1: Ball
2-1: SINGLE (Groundball, 56D)
John Allen to second
Batting: RHB Sergio González 0-0: DOUBLE (Line Drive, 78D)
John Allen scores
Cisco Villa to third
Batting: LHB Kevin Carter 0-0: SINGLE (Line Drive, 4MD)
Cisco Villa scores
Sergio González to third
Batting: RHB Alberto Díaz 0-0: Ball
1-0: Ball
2-0: Called Strike
2-1: Ball
3-1: Foul Ball, location: 2F
3-2: Foul Ball, location: 2F
3-2: SINGLE (Line Drive, 78M)
Sergio González scores
Kevin Carter to second
Pitching: RHP Félix Aguilar Jr.
Batting: RHB Lyle Clark 0-0: Ball
1-0: Grounds into double play, 6-4-3 (Groundball, 6)
Kevin Carter to third
Batting: LHB Benny Marte 0-0: Called Strike
0-1: Hit by Pitch
Batting: LHB Otis Johnston 0-0: Ball
1-0: Swinging Strike
1-1: Ball
2-1: Called Strike
2-2: Strikes out swinging
Top of the 1st over - 3 runs, 4 hits, 0 errors, 2 left on base; California 3 - Iowa 0
BOTTOM OF THE 1ST
Iowa Hawkeyes batting - Pitching for California Golden Bears : LHP Bob Powell
Pitching: LHP Bob Powell
Batting: LHB José Gonzáles 0-0: Ball
1-0: Foul Ball, location: 2F
1-1: Foul Ball, location: 2F
1-2: Strikes out swinging
Batting: LHB Fletcher White 0-0: Ball
1-0: Called Strike
1-1: Foul Ball, location: 2F
1-2: Strikes out looking
Batting: RHB Jim Sharry 0-0: Called Strike
0-1: Fly out, F8 (Flyball, 8RD)
Bottom of the 1st over - 0 runs, 0 hits, 0 errors, 0 left on base; California 3 - Iowa 0
TOP OF THE 2ND
California Golden Bears batting - Pitching for Iowa Hawkeyes : RHP Félix Aguilar Jr.
Batting: RHB Clyde MacCodrum 0-0: Called Strike
0-1: Ball
1-1: Foul Ball, location: 2F
1-2: Strikes out swinging
Batting: SHB John Allen 0-0: Called Strike
0-1: Ball
1-1: Called Strike
1-2: Ball
2-2: Strikes out swinging
Batting: RHB Cisco Villa 0-0: Called Strike
0-1: Ball
1-1: Fly out, F7 (Flyball, 78D)
Top of the 2nd over - 0 runs, 0 hits, 0 errors, 0 left on base; California 3 - Iowa 0
BOTTOM OF THE 2ND
Iowa Hawkeyes batting - Pitching for California Golden Bears : LHP Bob Powell
Batting: RHB Jim Jones 0-0: Ball
1-0: Ball
2-0: Ball
3-0: Called Strike
3-1: Foul Ball, location: 2F
3-2: Base on Balls
Batting: LHB Allen Lee 0-0: Foul Ball, location: 2F
0-1: Ball
1-1: Ball
2-1: Foul Ball, location: 2F
2-2: Foul Ball, location: 2F
2-2: Fly out, F4 (Popup, 34)
Batting: LHB Jesús Torres 0-0: Called Strike
0-1: Ball
1-1: Foul Ball, location: 2F
1-2: Ball
2-2: Foul Ball, location: 2F
2-2: Ball
3-2: Base on Balls
Jim Jones to second
Batting: RHB John Phillips 0-0: Called Strike
0-1: Ball
1-1: Foul Ball, location: 2F
1-2: Strikes out swinging
Batting: RHB Jack Black 0-0: Called Strike
0-1: Fly out, F7 (Flyball, 78M)
Bottom of the 2nd over - 0 runs, 0 hits, 0 errors, 2 left on base; California 3 - Iowa 0
TOP OF THE 3RD
California Golden Bears batting - Pitching for Iowa Hawkeyes : RHP Félix Aguilar Jr.
Batting: RHB Sergio González 0-0: Called Strike
0-1: Ball
1-1: Hit by Pitch
Batting: LHB Kevin Carter 0-0: Ball
1-0: Foul Ball, location: 2F
1-1: Ball
2-1: Foul Ball, location: 2F
2-2: Ball
3-2: Base on Balls
Sergio González to second
Batting: RHB Alberto Díaz 0-0: Ball
1-0: Ball
2-0: Called Strike
2-1: 3-RUN HOME RUN (Flyball, 7LD), Distance : 319 ft
Pitching: RHP Rob Beck
Batting: RHB Lyle Clark 0-0: Ball
1-0: SINGLE (Line Drive, 56)
Batting: LHB Benny Marte 0-0: Foul Ball, location: 2F
0-1: Ball
1-1: Called Strike
1-2: Ball
2-2: Strikes out looking
Batting: LHB Otis Johnston 0-0: Swinging Strike
0-1: DOUBLE (Line Drive, 89D)
Lyle Clark to third
Batting: RHB Clyde MacCodrum 0-0: Called Strike
0-1: Foul Ball, location: 2F
0-2: Fly out, F9 (Flyball, 9S)
Lined into DP, 9-5 (Flyball, 9S)
Top of the 3rd over - 3 runs, 3 hits, 0 errors, 1 left on base; California 6 - Iowa 0
BOTTOM OF THE 3RD
Iowa Hawkeyes batting - Pitching for California Golden Bears : LHP Bob Powell
Batting: RHB Dan Perkins 0-0: Ball
1-0: Ball
2-0: Ball
3-0: Called Strike
3-1: Base on Balls
Batting: LHB José Gonzáles 0-0: Ball
1-0: SINGLE (Groundball, 34D)
Dan Perkins to second
Runner from 2nd tries for 3rd, SAFE, no throw
Batting: LHB Fletcher White 0-0: Ball
1-0: Ball
2-0: Swinging Strike
2-1: Swinging Strike
2-2: Ball
3-2: Foul Ball, location: 2F
3-2: Strikes out swinging
Batting: RHB Jim Sharry 0-0: Ball
José Gonzáles steals 2nd base
1-0: Called Strike
1-1: Swinging Strike
1-2: Strikes out swinging
Batting: RHB Jim Jones 0-0: Fly out, F7 (Flyball, 7LSF)
Bottom of the 3rd over - 0 runs, 1 hit, 0 errors, 2 left on base; California 6 - Iowa 0
TOP OF THE 4TH
California Golden Bears batting - Pitching for Iowa Hawkeyes : RHP Rob Beck
Batting: SHB John Allen 0-0: Ball
1-0: Foul Ball, location: 2F
1-1: Swinging Strike
1-2: Strikes out swinging
Batting: RHB Cisco Villa 0-0: Foul Ball, location: 2F
0-1: Ball
1-1: Swinging Strike
1-2: Strikes out looking
Batting: RHB Sergio González 0-0: Called Strike
0-1: SINGLE (Line Drive, 9S)
Batting: LHB Kevin Carter 0-0: Called Strike
0-1: Ball
1-1: Ball
2-1: Ground out U3 (Groundball, 3)
Top of the 4th over - 0 runs, 1 hit, 0 errors, 1 left on base; California 6 - Iowa 0
BOTTOM OF THE 4TH
Iowa Hawkeyes batting - Pitching for California Golden Bears : LHP Bob Powell
Batting: LHB Allen Lee 0-0: Called Strike
0-1: Ball
1-1: Ball
2-1: Ball
3-1: Ground out 4-3 (Groundball, 4)
Batting: LHB Jesús Torres 0-0: Called Strike
0-1: Swinging Strike
0-2: Ball
1-2: Ball
2-2: Strikes out swinging
Batting: RHB John Phillips 0-0: Called Strike
0-1: Swinging Strike
0-2: Strikes out swinging
Bottom of the 4th over - 0 runs, 0 hits, 0 errors, 0 left on base; California 6 - Iowa 0
TOP OF THE 5TH
California Golden Bears batting - Pitching for Iowa Hawkeyes : RHP Rob Beck
Batting: RHB Alberto Díaz 0-0: Called Strike
0-1: Called Strike
0-2: Ground out 6-3 (Groundball, 6)
Batting: RHB Lyle Clark 0-0: Ball
1-0: Ball
2-0: Ball
3-0: Base on Balls
Batting: LHB Benny Marte 0-0: Called Strike
0-1: Ball
1-1: Called Strike
1-2: Foul Ball, location: 2F
1-2: Ball
2-2: Ball
3-2: SINGLE (Groundball, 4MD)
Lyle Clark to second
Batting: LHB Otis Johnston 0-0: Ball
1-0: Ball
2-0: Ball
3-0: Called Strike
3-1: Called Strike
3-2: Base on Balls
Lyle Clark to third
Benny Marte to second
Batting: RHB Clyde MacCodrum 0-0: Ball
1-0: Ball
2-0: Swinging Strike
2-1: Called Strike
2-2: Ball
3-2: Foul Ball, location: 2F
3-2: Foul Ball, location: 2F
3-2: Foul Ball, location: 2F
Balk!
Lyle Clark scores
Benny Marte to third
Otis Johnston to second
3-2: Foul Ball, location: 2F
3-2: Base on Balls
Pitching: RHP Mike Thompson
Batting: SHB John Allen 0-0: Called Strike
0-1: Swinging Strike
0-2: Ball
1-2: Ball
2-2: Foul Ball, location: 2F
2-2: Strikes out swinging
Batting: RHB Cisco Villa 0-0: Ball
Balk!
Benny Marte scores
Otis Johnston to third
Clyde MacCodrum to second
1-0: Ball
2-0: Ball
3-0: Called Strike
3-1: Base on Balls
Batting: RHB Sergio González 0-0: Ball
1-0: Ball
2-0: Foul Ball, location: 2F
2-1: SINGLE (Groundball, 56D)
Otis Johnston scores
Clyde MacCodrum to third
Cisco Villa to second
Runner from 3rd tries for Home, SAFE, throw made home
Batting: LHB Kevin Carter 0-0: DOUBLE (Flyball, 78D)
Cisco Villa scores
Sergio González to third
Batting: RHB Alberto Díaz 0-0: 3-RUN HOME RUN (Flyball, 7D), Distance : 359 ft
Batting: RHB Lyle Clark 0-0: Called Strike
0-1: Called Strike
0-2: Foul Ball, location: 2F
0-2: Foul Ball, location: 2F
0-2: Ground out U3 (Groundball, 34S)
Top of the 5th over - 8 runs, 4 hits, 0 errors, 0 left on base; California 14 - Iowa 0
BOTTOM OF THE 5TH
Iowa Hawkeyes batting - Pitching for California Golden Bears : LHP Bob Powell
Batting: RHB Jack Black 0-0: Foul Ball, location: 2F
0-1: Foul Ball, location: 2F
0-2: Ball
1-2: Strikes out swinging
Batting: RHB Dan Perkins 0-0: Ball
1-0: Ball
2-0: Ball
3-0: Called Strike
3-1: SINGLE (Line Drive, 89S)
Batting: LHB José Gonzáles 0-0: Ball
1-0: Foul Ball, location: 2F
1-1: Called Strike
1-2: Foul Ball, location: 2F
1-2: Ball
Dan Perkins is caught stealing 2nd base
2-2: Ground out U3 (Groundball, 3L)
Bottom of the 5th over - 0 runs, 1 hit, 0 errors, 0 left on base; California 14 - Iowa 0
TOP OF THE 6TH
California Golden Bears batting - Pitching for Iowa Hawkeyes : RHP Mike Thompson
Batting: LHB Benny Marte 0-0: Ball
1-0: Foul Ball, location: 2F
1-1: Ball
2-1: Swinging Strike
2-2: Ball
3-2: Fly out, F5 (Popup, 25F)
Batting: LHB Otis Johnston 0-0: Called Strike
0-1: Called Strike
0-2: Foul Ball, location: 2F
0-2: Ball
1-2: Ball
2-2: Fly out, F9 (Flyball, 89M)
Batting: RHB Clyde MacCodrum 0-0: Called Strike
0-1: Called Strike
0-2: Ground out U3 (Groundball, 34S)
Top of the 6th over - 0 runs, 0 hits, 0 errors, 0 left on base; California 14 - Iowa 0
BOTTOM OF THE 6TH
Iowa Hawkeyes batting - Pitching for California Golden Bears : LHP Bob Powell
Pitching: RHP Claudio García
Batting: LHB Fletcher White 0-0: Called Strike
0-1: Swinging Strike
0-2: Ball
1-2: Foul Ball, location: 2F
1-2: Strikes out swinging
Batting: RHB Jim Sharry 0-0: Ball
1-0: Ball
2-0: Foul Ball, location: 2F
2-1: SINGLE (Groundball, 56S) (infield hit)
Batting: RHB Jim Jones 0-0: Foul Ball, location: 2F
0-1: Ball
1-1: Ball
2-1: Ball
3-1: Base on Balls
Jim Sharry to second
Batting: LHB Allen Lee 0-0: Called Strike
0-1: Ball
1-1: Ball
2-1: Foul Ball, location: 2F
2-2: Ball
3-2: 3-RUN HOME RUN (Flyball, 9D), Distance : 350 ft
Batting: LHB Jesús Torres 0-0: Called Strike
0-1: Foul Ball, location: 2F
0-2: Ball
1-2: Ball
2-2: Ball
3-2: Strikes out swinging
Batting: RHB John Phillips 0-0: Called Strike
0-1: SINGLE (Groundball, 6D)
Batting: RHB Jack Black 0-0: Called Strike
0-1: Fielders Choice at 2nd, 5-4 (Groundball, 5)
Bottom of the 6th over - 3 runs, 3 hits, 0 errors, 1 left on base; California 14 - Iowa 3
TOP OF THE 7TH
California Golden Bears batting - Pitching for Iowa Hawkeyes : RHP Mike Thompson
Batting: SHB John Allen 0-0: Ball
1-0: Called Strike
1-1: Ball
2-1: Ball
3-1: Base on Balls
Batting: RHB Cisco Villa 0-0: Ball
1-0: Fly out, F3 (Popup, 34)
Batting: RHB Sergio González 0-0: Called Strike
0-1: Fly out, F3 (Line Drive, 34)
Lined into DP, U3 (Line Drive, 34)
Top of the 7th over - 0 runs, 0 hits, 0 errors, 0 left on base; California 14 - Iowa 3
BOTTOM OF THE 7TH
Iowa Hawkeyes batting - Pitching for California Golden Bears : RHP Claudio García
Batting: RHB Dan Perkins 0-0: Ball
1-0: Swinging Strike
1-1: Foul Ball, location: 2F
1-2: Ball
2-2: Foul Ball, location: 2F
2-2: Ball
3-2: Fly out, F7 (Line Drive, 7D)
Batting: LHB José Gonzáles 0-0: Ball
1-0: Called Strike
1-1: Swinging Strike
1-2: DOUBLE (Groundball, 3L)
Batting: LHB Fletcher White 0-0: Ground out 1-3 (Groundball, P)
José Gonzáles to third
Batting: RHB Jim Sharry 0-0: Called Strike
0-1: Ball
1-1: Ball
2-1: Called Strike
2-2: 2-RUN HOME RUN (Line Drive, 7LD), Distance : 334 ft
Batting: RHB Jim Jones 0-0: Foul Ball, location: 2F
0-1: Foul Ball, location: 2F
0-2: Strikes out swinging
Bottom of the 7th over - 2 runs, 2 hits, 0 errors, 0 left on base; California 14 - Iowa 5
TOP OF THE 8TH
California Golden Bears batting - Pitching for Iowa Hawkeyes : RHP Mike Thompson
Batting: LHB Kevin Carter 0-0: Ball
1-0: Foul Ball, location: 2F
1-1: Fly out, F9 (Flyball, 9LSF)
Batting: RHB Alberto Díaz 0-0: Foul Ball, location: 2F
0-1: Ball
1-1: Ball
2-1: Ball
3-1: Base on Balls
Pitching: RHP Albert Ballard
Batting: RHB Lyle Clark 0-0: Ball
Alberto Díaz steals 2nd base
1-0: Called Strike
1-1: Swinging Strike
1-2: Foul Ball, location: 2F
1-2: Strikes out swinging
Batting: LHB Benny Marte 0-0: Ground out 6-3 (Groundball, 6)
Top of the 8th over - 0 runs, 0 hits, 0 errors, 1 left on base; California 14 - Iowa 5
BOTTOM OF THE 8TH
Iowa Hawkeyes batting - Pitching for California Golden Bears : RHP Claudio García
Batting: LHB Allen Lee 0-0: Called Strike
0-1: Ball
1-1: Ball
2-1: Ball
3-1: Base on Balls
Pitching: LHP Steven Lyon
Batting: LHB Jesús Torres 0-0: Called Strike
0-1: Ball
1-1: Ball
2-1: Ball
3-1: Base on Balls
Allen Lee to second
Batting: RHB John Phillips 0-0: Ball
1-0: Ball
2-0: Called Strike
2-1: Foul Ball, location: 2F
2-2: Ball
3-2: Strikes out swinging
Batting: RHB Jack Black 0-0: Called Strike
0-1: Foul Ball, location: 2F
0-2: Strikes out swinging
Batting: RHB Dan Perkins 0-0: Ball
1-0: Called Strike
1-1: Swinging Strike
1-2: Foul Ball, location: 2F
1-2: Ball
2-2: Ball
3-2: Foul Ball, location: 2F
3-2: Base on Balls
Allen Lee to third
Jesús Torres to second
Batting: LHB José Gonzáles 0-0: Called Strike
0-1: Foul Ball, location: 2F
0-2: Ball
1-2: Ball
2-2: SINGLE (Line Drive, 34D)
Allen Lee scores
Jesús Torres to third
Dan Perkins to second
Runner from 3rd tries for Home, SAFE, throw made home
Batting: LHB Fletcher White 0-0: Ball
1-0: Ball
2-0: Foul Ball, location: 2F
2-1: SINGLE (Line Drive, 7S)
Dan Perkins to third
José Gonzáles to second
Batting: RHB Jim Sharry 0-0: Ball
1-0: Swinging Strike
1-1: Fly out, F7 (Line Drive, 78M)
Bottom of the 8th over - 2 runs, 2 hits, 0 errors, 3 left on base; California 14 - Iowa 7
TOP OF THE 9TH
California Golden Bears batting - Pitching for Iowa Hawkeyes : RHP Albert Ballard
Batting: LHB Otis Johnston 0-0: Ball
1-0: Ball
2-0: Called Strike
2-1: Ground out 4-3 (Groundball, 4)
Batting: RHB Clyde MacCodrum 0-0: Ball
1-0: Called Strike
1-1: SINGLE (Groundball, 4D)
Batting: SHB John Allen 0-0: Swinging Strike
0-1: Called Strike
0-2: Ball
1-2: Strikes out swinging
Batting: RHB Cisco Villa 0-0: Ball
Clyde MacCodrum steals 2nd base
1-0: DOUBLE (Line Drive, 89M)
Clyde MacCodrum scores
Batting: RHB Sergio González 0-0: Ball
1-0: Foul Ball, location: 2F
1-1: Ball
Wild Pitch!
Cisco Villa to third
2-1: Foul Ball, location: 2F
2-2: Ball
3-2: Base on Balls
Batting: LHB Kevin Carter 0-0: Ball
1-0: Ground out 4-3 (Groundball, 4)
Top of the 9th over - 1 run, 2 hits, 0 errors, 2 left on base; California 15 - Iowa 7
BOTTOM OF THE 9TH
Iowa Hawkeyes batting - Pitching for California Golden Bears : LHP Steven Lyon
Now at 3B: Dave Burchette
Now in LF: Ralph Hawkins
Batting: RHB Jim Jones 0-0: Foul Ball, location: 2F
0-1: Swinging Strike
0-2: Ball
1-2: Strikes out swinging
Batting: LHB Allen Lee 0-0: Swinging Strike
0-1: Ball
1-1: Fly out, F6 (Popup, P)
Batting: LHB Jesús Torres 0-0: Ball
1-0: Called Strike
1-1: Swinging Strike
1-2: Ball
2-2: Ball
3-2: Base on Balls
Batting: RHB John Phillips 0-0: Called Strike
0-1: Ball
1-1: Foul Ball, location: 2F
1-2: Ball
2-2: Fly out, F8 (Flyball, 8RD)
Bottom of the 9th over - 0 runs, 0 hits, 0 errors, 1 left on base; California 15 - Iowa 7
Saturday, April 7th, 2018 - OOTP Baseball 18.8 Build 76